| TOP OF THE 1ST |
|
Texas Rangers batting - Pitching for Boston Red Sox : LHP Kenneth Kollmyer
|
|
Pitching: LHP Kenneth Kollmyer
|
|
|
Batting: LHB Lenny Dykstra
|
0-0: Ball 1-0: Ball 2-0: SINGLE (Groundball, 4M, EV 103.1 MPH) (infield hit)
|
|
Batting: RHB Kirby Puckett
|
0-0: Called Strike 0-1: Called Strike 0-2: Ball 1-2: Strikes out swinging
|
|
Batting: RHB Steve Garvey
|
0-0: Ball 1-0: Ball 2-0: Called Strike 2-1: Ball 3-1: Swinging Strike 3-2: Foul Ball, location: 2F 3-2: Foul Ball, location: 2F 3-2: Fly out, F8 (Line Drive, 8RM, EV 99.4 MPH)
|
|
Batting: RHB Steve Balboni
|
0-0: Ball Lenny Dykstra steals 2nd base 1-0: Foul Ball, location: 2F 1-1: Called Strike 1-2: Ground out 6-3 (Groundball, 6D, EV 85.0 MPH)
|
| Top of the 1st over - 0 runs, 1 hit, 0 errors, 1 left on base; Texas 0 - Boston 0 |
| BOTTOM OF THE 1ST |
|
Boston Red Sox batting - Pitching for Texas Rangers : LHP Fernando Valenzuela
|
|
Pitching: LHP Fernando Valenzuela
|
|
|
Batting: RHB Kevin Klettke
|
0-0: Fly out, F9 (Flyball, 9LM, EV 104.4 MPH)
|
|
Batting: LHB Willie Aikens
|
0-0: Ball 1-0: Called Strike 1-1: Ball 2-1: Ground out U3 (Groundball, 3, EV 84.4 MPH)
|
|
Batting: RHB Jeff Burroughs
|
0-0: Ball 1-0: Fly out, F8 (Flyball, 8LM, EV 87.5 MPH)
|
| Bottom of the 1st over - 0 runs, 0 hits, 0 errors, 0 left on base; Texas 0 - Boston 0 |
| TOP OF THE 2ND |
|
Texas Rangers batting - Pitching for Boston Red Sox : LHP Kenneth Kollmyer
|
|
Batting: LHB Jody Helser
|
0-0: Swinging Strike 0-1: Ball 1-1: Ball 2-1: Foul Ball, location: 2F 2-2: Foul Ball, location: 2F 2-2: Ball 3-2: Foul Ball, location: 2F 3-2: Foul Ball, location: 2F 3-2: DOUBLE (Line Drive, 7LS, EV 101.3 MPH)
|
|
Batting: LHB Richie Hebner
|
0-0: Ball Wild Pitch! Jody Helser to third 1-0: Ball 2-0: Fly out, F8 (Flyball, 89XD, EV 103.8 MPH) Runner from 3rd tags up, SCORES, no throw by CF
|
|
Batting: RHB George Bjorkman
|
0-0: Foul Ball, location: 2F 0-1: Ball 1-1: Swinging Strike 1-2: Strikes out swinging
|
|
Batting: RHB Kim Andrew
|
0-0: SINGLE (Flyball, 6MD, EV 89.4 MPH)
|
|
Batting: RHB Juan Samuel
|
0-0: Ball 1-0: Ground out 4-3 (Groundball, 4, EV 85.6 MPH)
|
| Top of the 2nd over - 1 run, 2 hits, 0 errors, 1 left on base; Texas 1 - Boston 0 |
| BOTTOM OF THE 2ND |
|
Boston Red Sox batting - Pitching for Texas Rangers : LHP Fernando Valenzuela
|
|
Batting: LHB George Brett
|
0-0: Called Strike 0-1: Called Strike 0-2: Ball 1-2: Fly out, F8 (Line Drive, 8RM, EV 97.5 MPH)
|
|
Batting: RHB Devin Pike
|
0-0: Called Strike 0-1: Ball 1-1: Ground out 6-3 (Groundball, 6, EV 89.4 MPH)
|
|
Batting: LHB Karl Pagel
|
0-0: Called Strike 0-1: Swinging Strike 0-2: Ball 1-2: Strikes out swinging
|
| Bottom of the 2nd over - 0 runs, 0 hits, 0 errors, 0 left on base; Texas 1 - Boston 0 |
| TOP OF THE 3RD |
|
Texas Rangers batting - Pitching for Boston Red Sox : LHP Kenneth Kollmyer
|
|
Batting: LHB Lenny Dykstra
|
0-0: Foul Ball, location: 2F 0-1: Foul Ball, location: 2F 0-2: Ball 1-2: Ground out 6-3 (Groundball, 6, EV 77.5 MPH)
|
|
Batting: RHB Kirby Puckett
|
0-0: Called Strike 0-1: Ball 1-1: Foul Ball, location: 2F 1-2: Ball 2-2: Ball 3-2: DOUBLE (Line Drive, 7LS, EV 111.9 MPH)
|
|
Batting: RHB Steve Garvey
|
0-0: Swinging Strike 0-1: Called Strike 0-2: Strikes out looking
|
|
Batting: RHB Steve Balboni
|
0-0: Ball 1-0: Ball 2-0: Foul Ball, location: 2F 2-1: Ball 3-1: Ground out 4-3 (Groundball, 4M, EV 80.6 MPH)
|
| Top of the 3rd over - 0 runs, 1 hit, 0 errors, 1 left on base; Texas 1 - Boston 0 |
| BOTTOM OF THE 3RD |
|
Boston Red Sox batting - Pitching for Texas Rangers : LHP Fernando Valenzuela
|
|
Batting: SHB Nelson Norman
|
0-0: Ground out 6-3 (Groundball, 56, EV 101.9 MPH)
|
|
Batting: SHB Scotti Madison
|
0-0: Foul Ball, location: 2F 0-1: Fly out, F9 (Flyball, 9LM, EV 86.3 MPH)
|
|
Batting: LHB Daryl Sconiers
|
0-0: Foul Ball, location: 2F 0-1: Called Strike 0-2: Ball 1-2: Strikes out swinging
|
| Bottom of the 3rd over - 0 runs, 0 hits, 0 errors, 0 left on base; Texas 1 - Boston 0 |
| TOP OF THE 4TH |
|
Texas Rangers batting - Pitching for Boston Red Sox : LHP Kenneth Kollmyer
|
|
Batting: LHB Jody Helser
|
0-0: Ball 1-0: Foul Ball, location: 2F 1-1: Foul Ball, location: 2F 1-2: Ball 2-2: Fly out, F8 (Flyball, 8RXD, EV 93.1 MPH)
|
|
Batting: LHB Richie Hebner
|
0-0: Called Strike 0-1: Ball 1-1: Ball 2-1: Foul Ball, location: 2F 2-2: Strikes out swinging
|
|
Batting: RHB George Bjorkman
|
0-0: Ball 1-0: Ground out 5-3 (Groundball, 56S, EV 75.0 MPH)
|
| Top of the 4th over - 0 runs, 0 hits, 0 errors, 0 left on base; Texas 1 - Boston 0 |
| BOTTOM OF THE 4TH |
|
Boston Red Sox batting - Pitching for Texas Rangers : LHP Fernando Valenzuela
|
|
Batting: RHB Kevin Klettke
|
0-0: Ball 1-0: SINGLE (Groundball, 56D, EV 100.6 MPH)
|
|
Batting: LHB Willie Aikens
|
0-0: Fielders Choice at 2nd, 3-6 (Groundball, 3, EV 79.4 MPH)
|
|
Batting: RHB Jeff Burroughs
|
0-0: Foul Ball, location: 2F 0-1: Called Strike 0-2: Ball 1-2: Strikes out swinging
|
|
Batting: LHB George Brett
|
0-0: Swinging Strike 0-1: Ball 1-1: Called Strike 1-2: SINGLE (Groundball, 34D, EV 95.6 MPH) Willie Aikens to second Runner from 2nd tries for 3rd, SAFE, throw by RF made to third
|
|
Batting: RHB Devin Pike
|
0-0: DOUBLE (Line Drive, 89XD, EV 111.3 MPH) Willie Aikens scores George Brett to third Runner from 3rd tries for Home, SAFE, no throw by CF
|
|
Batting: LHB Karl Pagel
|
0-0: Called Strike 0-1: Swinging Strike 0-2: Ball 1-2: Ball 2-2: Ball 3-2: Foul Ball, location: 2F 3-2: Foul Ball, location: 2F 3-2: Base on Balls
|
|
Batting: SHB Nelson Norman
|
0-0: Called Strike 0-1: Ball 1-1: Ball 2-1: Fielders Choice at 2nd, 6-4 (Groundball, 56, EV 83.8 MPH)
|
| Bottom of the 4th over - 2 runs, 3 hits, 0 errors, 2 left on base; Texas 1 - Boston 2 |
| TOP OF THE 5TH |
|
Texas Rangers batting - Pitching for Boston Red Sox : LHP Kenneth Kollmyer
|
|
Batting: RHB Kim Andrew
|
0-0: Fly out, F8 (Flyball, 8RS, EV 90.0 MPH)
|
|
Batting: RHB Juan Samuel
|
0-0: Ball 1-0: Fly out, F8 (Flyball, 8RXD, EV 97.5 MPH)
|
|
Batting: LHB Lenny Dykstra
|
0-0: Foul Ball, location: 2F 0-1: Ground out 6-3 (Groundball, 56D, EV 88.8 MPH)
|
| Top of the 5th over - 0 runs, 0 hits, 0 errors, 0 left on base; Texas 1 - Boston 2 |
| BOTTOM OF THE 5TH |
|
Boston Red Sox batting - Pitching for Texas Rangers : LHP Fernando Valenzuela
|
|
Batting: SHB Scotti Madison
|
0-0: Ground out 5-3 (Groundball, 56, EV 86.9 MPH)
|
|
Batting: LHB Daryl Sconiers
|
0-0: Foul Ball, location: 2F 0-1: Ground out 6-3 (Groundball, 6, EV 80.0 MPH)
|
|
Batting: RHB Kevin Klettke
|
0-0: Ball 1-0: Called Strike 1-1: Foul Ball, location: 2F 1-2: Fly out, F7 (Flyball, 78D, EV 100.6 MPH)
|
| Bottom of the 5th over - 0 runs, 0 hits, 0 errors, 0 left on base; Texas 1 - Boston 2 |
| TOP OF THE 6TH |
|
Texas Rangers batting - Pitching for Boston Red Sox : LHP Kenneth Kollmyer
|
|
Batting: RHB Kirby Puckett
|
0-0: Swinging Strike 0-1: Ball 1-1: Foul Ball, location: 2F 1-2: Ball 2-2: Strikes out swinging
|
|
Batting: RHB Steve Garvey
|
0-0: Foul Ball, location: 2F 0-1: Ball 1-1: SINGLE (Line Drive, 4D, EV 97.5 MPH)
|
|
Batting: RHB Steve Balboni
|
0-0: Ball 1-0: Ball 2-0: Foul Ball, location: 2F 2-1: Foul Ball, location: 2F 2-2: Strikes out swinging
|
|
Batting: LHB Jody Helser
|
0-0: Ground out 4-3 (Groundball, 4, EV 90.0 MPH)
|
| Top of the 6th over - 0 runs, 1 hit, 0 errors, 1 left on base; Texas 1 - Boston 2 |
| BOTTOM OF THE 6TH |
|
Boston Red Sox batting - Pitching for Texas Rangers : LHP Fernando Valenzuela
|
|
Batting: LHB Willie Aikens
|
0-0: Ball 1-0: Called Strike 1-1: Ball 2-1: Ball 3-1: Foul Ball, location: 2F 3-2: Fly out, F8 (Line Drive, 8LD, EV 90.0 MPH)
|
|
Batting: RHB Jeff Burroughs
|
0-0: Ball 1-0: Foul Ball, location: 2F 1-1: Foul Ball, location: 2F 1-2: Ball 2-2: Reached on error, E5 (Groundball, 56S, EV 94.4 MPH)
|
|
Batting: LHB George Brett
|
0-0: Called Strike 0-1: Ball 1-1: Swinging Strike 1-2: Foul Ball, location: 2F 1-2: Fly out, F8 (Flyball, 8RS, EV 91.3 MPH)
|
|
Batting: RHB Devin Pike
|
0-0: Ball 1-0: Foul Ball, location: 2F 1-1: Called Strike 1-2: Foul Ball, location: 2F 1-2: Ball 2-2: SINGLE (Line Drive, 78M, EV 105.0 MPH) Jeff Burroughs to second
|
|
Batting: LHB Karl Pagel
|
0-0: Swinging Strike 0-1: Called Strike 0-2: Foul Ball, location: 2F 0-2: Ball 1-2: Ball 2-2: Foul Ball, location: 2F 2-2: Foul Ball, location: 2F 2-2: Strikes out swinging
|
| Bottom of the 6th over - 0 runs, 1 hit, 1 error, 2 left on base; Texas 1 - Boston 2 |
| TOP OF THE 7TH |
|
Texas Rangers batting - Pitching for Boston Red Sox : LHP Kenneth Kollmyer
|
|
Batting: LHB Richie Hebner
|
0-0: Called Strike 0-1: Foul Ball, location: 2F 0-2: Foul Ball, location: 2F 0-2: Ball 1-2: Strikes out swinging
|
|
Batting: RHB George Bjorkman
|
0-0: Swinging Strike 0-1: Ball 1-1: Foul Ball, location: 2F 1-2: Ball 2-2: Ball 3-2: Strikes out swinging
|
|
Batting: RHB Kim Andrew
|
0-0: Ball 1-0: Called Strike 1-1: Foul Ball, location: 2F 1-2: Foul Ball, location: 2F 1-2: Ball 2-2: Ball 3-2: Strikes out swinging, 2-3 out at first.
|
| Top of the 7th over - 0 runs, 0 hits, 0 errors, 0 left on base; Texas 1 - Boston 2 |
| BOTTOM OF THE 7TH |
|
Boston Red Sox batting - Pitching for Texas Rangers : LHP Fernando Valenzuela
|
|
Batting: SHB Nelson Norman
|
0-0: Ball 1-0: Ground out 2-3 (Groundball, 13S, EV 70.0 MPH)
|
|
Batting: SHB Scotti Madison
|
0-0: Ground out 5-3 (Groundball, 56S, EV 88.8 MPH)
|
|
Batting: LHB Daryl Sconiers
|
0-0: Called Strike 0-1: Ball 1-1: Ground out 6-3 (Groundball, 6, EV 85.6 MPH)
|
| Bottom of the 7th over - 0 runs, 0 hits, 0 errors, 0 left on base; Texas 1 - Boston 2 |
| TOP OF THE 8TH |
|
Texas Rangers batting - Pitching for Boston Red Sox : LHP Kenneth Kollmyer
|
|
Pitching: LHP Gary Pickert
|
|
|
Batting: RHB Juan Samuel
|
0-0: Ball 1-0: Foul Ball, location: 2F 1-1: Swinging Strike 1-2: Foul Ball, location: 2F 1-2: Ball 2-2: Strikes out swinging
|
|
Batting: LHB Lenny Dykstra
|
0-0: Called Strike 0-1: Called Strike 0-2: Ball 1-2: Ground out 1-3 (Groundball, 34S, EV 70.0 MPH)
|
|
Batting: RHB Kirby Puckett
|
0-0: Called Strike 0-1: Fly out, F8 (Flyball, 8LM, EV 95.0 MPH)
|
| Top of the 8th over - 0 runs, 0 hits, 0 errors, 0 left on base; Texas 1 - Boston 2 |
| BOTTOM OF THE 8TH |
|
Boston Red Sox batting - Pitching for Texas Rangers : LHP Fernando Valenzuela
|
|
Batting: RHB Kevin Klettke
|
0-0: Called Strike
|
|
|
|
|
|
0-1: Ball 1-1: Ball 2-1: Ground out 6-3 (Groundball, 6, EV 92.5 MPH)
|
|
Batting: LHB Willie Aikens
|
0-0: Ground out 4-3 (Groundball, 4, EV 96.3 MPH)
|
|
Batting: RHB Jeff Burroughs
|
0-0: Foul Ball, location: 2F 0-1: Ground out 1-3 (Groundball, 15S, EV 70.6 MPH)
|
| Bottom of the 8th over - 0 runs, 0 hits, 0 errors, 0 left on base; Texas 1 - Boston 2 |
| TOP OF THE 9TH |
|
Texas Rangers batting - Pitching for Boston Red Sox : LHP Gary Pickert
|
|
Batting: RHB Steve Garvey
|
0-0: Foul Ball, location: 2F 0-1: Called Strike 0-2: Ball 1-2: Ground out 6-3 (Groundball, 56, EV 102.5 MPH)
|
|
Batting: RHB Steve Balboni
|
0-0: Called Strike 0-1: Ball 1-1: Ball 2-1: Foul Ball, location: 2F 2-2: Foul Ball, location: 2F 2-2: Foul Ball, location: 2F 2-2: Ball 3-2: Base on Balls
|
|
Batting: LHB Jody Helser
|
0-0: Called Strike 0-1: Called Strike 0-2: Ball 1-2: Hit by Pitch Steve Balboni to second
|
|
Pinch Runner at 2nd Juan Rodriguez:
|
|
|
Batting: LHB Richie Hebner
|
0-0: Fly out, F8 (Flyball, 8RM, EV 90.0 MPH)
|
|
Pitching: RHP Bruce Sutter
|
|
|
Batting: RHB George Bjorkman
|
0-0: Called Strike 0-1: Ball 1-1: Ball 2-1: Ball 3-1: Ground out 5-3 (Groundball, 56S, EV 86.9 MPH)
|
| Top of the 9th over - 0 runs, 0 hits, 0 errors, 2 left on base; Texas 1 - Boston 2 |
 |
|
Monday, August 17th, 2020 - OOTP Baseball 21.5 Build 76
|
|